 Dungeon Crawl Stone Soup version 0.31.0-11-ge490571c62 (webtiles) character file.

Game seed: 14834354023187672541

119 Flugkiller the Frost Mage (level 5, -3/24 HPs)
             Began as a Vine Stalker Ice Elementalist on Feb 3, 2024.
             Killed from afar by an orc wizard (9 damage)
             ... with a puff of flame
             ... on level 4 of the Dungeon.
             The game lasted 00:01:38 (488 turns).

Flugkiller the Frost Mage (VSIE)                     Turns: 488, Time: 00:01:39

Health: -3/24      AC:  2    Str: 10    XL:     5   Next: 3%
Magic:  0/15       EV: 12    Int: 17    God:
Gold:   32         SH:  0    Dex: 15    Spells: 8/18 levels left

rFire   . . .        b - +0 dire flail
rCold   . . .        (shield currently unavailable)
rNeg    . . .        a - +0 robe
rPois   .            (no helmet)
rElec   .            (no cloak)
rCorr   .            (no gloves)
SInv    .            (no boots)
Will    .....        (no amulet)
Stlth   ++           (no ring)
HPRegen 1.04/turn    (no ring)
MPRegen 0.14/turn

%: random rage (3%), guardian spirit
@: invisible
A: fangs 2, regeneration 1, magic shield, antimagic bite, no potion heal 2,
berserk 1, sense surroundings 1
a: no special abilities


You were on level 4 of the Dungeon.
You visited 1 branch of the dungeon, and saw 5 of its levels.

You collected 32 gold pieces.

Inventory:

Hand Weapons
 b - a +0 dire flail (weapon)
   (You took it off Blork the orc on level 4 of the Dungeon)
 d - a +0 spear
   (You found it on level 3 of the Dungeon)
Armour
 a - a +0 robe (worn)
Scrolls
 c - 2 scrolls of identify {unknown}
 e - a scroll of enchant weapon {unknown}
 g - 2 scrolls of amnesia {unknown}


   Skills:
 + Level 0.0 Fighting
 - Level 1.5 Dodging
 - Level 2.4 Stealth
 + Level 7.1 Spellcasting
 - Level 8.0 Ice Magic


You had 8 spell levels left.
You knew the following spells:

 Your Spells              Type           Power      Damage    Failure   Level
a - Freeze                Ice            100%       1d10      1%          1
b - Frozen Ramparts       Ice            66%        1d10      1%          3
c - Ozocubu's Armour      Ice            33%        N/A       1%          3
d - Summon Ice Beast      Ice/Summ       19%        N/A       7%          3

Your spell library contained the following spells:

 Spells                   Type           Power      Damage    Failure   Level


Dungeon Overview and Level Annotations

Branches:
Dungeon (5/15) Zot: 26774
 Temple: D:4-7

Altars:
Ashenzari


Innate Abilities, Weirdness & Mutations

You have extremely sharp teeth.
Your natural rate of healing is unusually fast.
When hurt, damage is shared between your health and your magic reserves.
Your bite disrupts and absorbs the magic of your enemies.
Potions cannot restore your health.
You sometimes lose your temper in combat.
You passively map a small area around you.


Message History

Press: ? - help, Shift-Dir - straight line, f/p - Blork the orc
Aim: Blork the orc, wielding a +0 dire flail and wearing a +0 robe (almost dead)
You freeze Blork the orc.
You kill Blork the orc!
You have reached level 4!
You feel agile.
The wall freezes the giant cockroach but does no damage.
The wall freezes the giant cockroach.
The giant cockroach bites you.
The wall freezes the giant cockroach.
You kill the giant cockroach!
Your Ice Magic skill increases to level 8!
No target in view!
The frozen ramparts melt away as you move.
Things that are here:
a +0 dire flail; a +0 robe; a giant cockroach corpse
b - a +0 dire flail (weapon)
Found an escape hatch in the floor.
The orc shouts!
You hear a shout! x2
Unknown command.
The orc hits you with a +0 dagger.
You closely miss the orc. The orc hits you with a +0 dagger.
The orc wizard mumbles some strange words.
The orc wizard flickers and vanishes!
Deactivating autopickup; reactivate with Ctrl-A.
You hit the orc.
The orc is almost dead.
You hit the orc but do no damage. You bite the orc.
You kill the orc!
The orc hits you but does no damage.
You have reached level 5!
Unknown command.
Casting: Freeze (safe; 1% risk of failure)
Confirm with . or Enter, or press ? or * to list all spells.
Aiming: Freeze (safe; 1% risk of failure)
Press: ? - help, Shift-Dir - straight line, f - orc
Aim: an orc, wielding a +0 dagger You freeze the orc.
The orc is heavily wounded.
The orc hits you with a +0 dagger.
Casting: Freeze (safe; 1% risk of failure)
Confirm with . or Enter, or press ? or * to list all spells.
Aiming: Freeze (safe; 1% risk of failure)
Press: ? - help, Shift-Dir - straight line, f/p - orc
Aim: an orc, wielding a +0 dagger (heavily wounded)
You freeze the orc.
You kill the orc!
Something hits you.
You closely miss something. Something hits you but does no damage.
Something hits you.
You closely miss something. You bite something. Something hits you.
You hit something. Something hits you but does no damage.
You barely miss something. Your bite misses something. Something hits you. x2
You miss something. You bite something. You drain its magic.
You feel invigorated. Something hits you.
Casting: Freeze (safe; 1% risk of failure)
Confirm with . or Enter, or press ? or * to list all spells.
You can't see any susceptible monsters within range! (Use Z to cast anyway.)
Casting: Freeze (safe; 1% risk of failure)
Confirm with . or Enter, or press ? or * to list all spells.
Aiming: Freeze (safe; 1% risk of failure)
Press: ? - help, Shift-Dir - straight line You freeze something!
Something hits you.
You miss something. Something hits you.
You miss something. Something hits you.
You miss something.
You hear some strange, mumbled words.
You are confused.
Something hits you.
You're too confused to cast spells.
Unknown command.
It was a potion of invisibility.
You fade into invisibility!
You hear the brisk rusting of a very distant drain.
Something hits you.
It was a potion of mutation.
You feel extremely strange.
You feel a little pissed off.
You feel a strange attunement to the structure of the dungeons.
Something barely misses you.
Unknown command.
Unknown command.
You closely miss something. Your bite misses something.
You hear some strange, mumbled words.
A magic dart appears from out of thin air!
The magic dart hits you.
* * * LOW HITPOINT WARNING * * *
Things that are here:
13 gold pieces; a +0 dagger; an orc corpse A magic dart appears from out of thin air!
You feel less confused. Something hits you.
Things that are here:
13 gold pieces; a +0 dagger; an orc corpse Something hits you.
You barely miss something. Something hits you.
You miss something. Something hits you.
* * * LOW HITPOINT WARNING * * *
You hear some strange, mumbled words.
A puff of flame appears from out of thin air!
The puff of flame hits you!
You die...

#.#.#....###....
#.#.#..###B...##
#[#.#..#####..# ##
#.............###...>
###.#..#####.........
#.#..# #..######* ,
#.[..#####..#
#.........){# *
#.#.#####.$@#* * ,
#.#.# **#.......# *
#.... ............. ,
###.#######.###.### *
...,, ..# * # , , * ,
.. * #.# #.# * *.#. *
, *


There were no monsters in sight!

Vanquished Creatures
  Blork the orc (D:4)
  An adder (D:2)
  2 orcs (D:4)
  A ball python (D:3)
  A bat (D:2)
  An endoplasm (D:3)
  A giant cockroach (D:4)
  2 jackals
  A quokka (D:3)
  A frilled lizard (D:2)
  A kobold (D:3)
13 creatures vanquished.

Notes
Turn   | Place    | Note
-------+----------+-------------------------------------------
     0 | D:1      | Flugkiller the Vine Stalker Ice Elementalist began the
                  | quest for the Orb.
     0 | D:1      | Reached XP level 1. HP: 9/9 MP: 4/4
    37 | D:2      | Reached XP level 2. HP: 7/13 MP: 0/6
    93 | D:4      | Noticed a black bear
   253 | D:4      | Found a broken altar of Ashenzari.
   256 | D:4      | Noticed a bullfrog
   258 | D:4      | Noticed Blork the orc
   268 | D:5      | Entered Level 5 of the Dungeon
   364 | D:5      | Reached skill level 7 in Ice Magic
   364 | D:5      | Reached XP level 3. HP: 16/16 MP: 6/12
   391 | D:4      | Learned a level 3 spell: Frozen Ramparts
   395 | D:4      | Learned a level 3 spell: Ozocubu's Armour
   399 | D:4      | Learned a level 3 spell: Summon Ice Beast
   449 | D:4      | Killed Blork the orc
   450 | D:4      | Reached XP level 4. HP: 21/21 MP: 1/14
   452 | D:4      | Reached skill level 8 in Ice Magic
   469 | D:4      | Reached XP level 5. HP: 24/24 MP: 2/15
   481 | D:4      | Gained mutation: You sometimes lose your temper in combat.
                  | [potion of mutation]
   481 | D:4      | Gained mutation: You passively map a small area around you.
                  | [potion of mutation]
   488 | D:4      | Killed from afar by an orc wizard

Illustrated notes

Levels and vault maps discovered:
D:1:      saegor_arrival_simple_d, layout_basic, serial_shops,
          nicolae_shop_advertising_works [nicolae_subvault_shop_adworks],
          nicolae_shop_tiny_real_fake_doors, minmay_misc_feat_rugged,
          grunt_decor_one_mirror
D:2:      layout_rooms, serial_shops, shop, minmay_misc_feat_alley,
          kennysheep_generic_room_16, uniq_natasha, uniq_sigmund
D:3:      layout_basic, mainiacjoe_overflow_surrounded_room,
          lemuel_doored_altar, hangedman_decor_riveting
D:4:      layout_loops_ring, nicolae_ashenzari_skybound,
          cheibrodos_sewer_entry_bend, uniq_blork_the_orc
D:5:      lemuel_castle_with_subvaults [lemuel_castle_interior_carwin_2],
          layout_basic, lemuel_zombie_altar_yredelemnul,
          minmay_temple_entry_butterflies

Skill      XL: |  1  2  3  4 |
---------------+-------------+-----
Spellcasting   | 7 |  7.1
Ice Magic      | 7 8 |  8.0
Dodging        | |  1.5
Stealth        | |  2.4

Action                     |  1- 3 |  4- 6 || total
---------------------------+-------+-------++-------
  Melee: Unarmed           |     3 |       ||     3
         Spear             |    13 |       ||    13
         Bite              |     2 |     3 ||     5
         Dire flail        |       |    14 ||    14
   Cast: Freeze            |    10 |     3 ||    13
         Frozen Ramparts   |     1 |       ||     1
    Use: Potion            |     2 |     2 ||     4
   Stab: Sleeping          |     2 |       ||     2
 Armour: Robe              |    25 |    24 ||    49
  Dodge: Dodged            |    25 |     1 ||    26
